 Dungeon Crawl Stone Soup version 0.28.0-43-g3370ac3207 (webtiles) character file.

Game seed: 17641572056919911849

460 GreyFruit the Firebug (level 6, 0/48 HPs)
             Began as a Draconian Fire Elementalist on Mar 5, 2022.
             Succumbed to a killer bee's poison
             ... on level 4 of the Dungeon.
             The game lasted 00:14:03 (5580 turns).

GreyFruit the Firebug (Draconian Fire Elementalist) Turns: 5580, Time: 00:14:03

Health: 0/48       AC: 11    Str:  9 (10) XL:     6   Next: 78%
Magic:  0/11       EV: 12    Int: 15 (18) God:
Gold:   124        SH:  5    Dex:  8 (11) Spells: 5/12 levels left

rFire   . . .      SeeInvis .   a - +1 whip (pain)
rCold   . . .      Faith    .   (no shield)
rNeg    . . .      Spirit   .   (armour unavailable)
rPois   .          Reflect  +   (helmet restricted)
rElec   .          Harm     .   l - +0 cloak
rCorr   .          Rampage  .   (no gloves)
Will    .....                   (no boots)
Stlth   ++........              k - amulet of reflection
HPRegen 0.16/turn               n - +4 ring of protection
MPRegen 0.12/turn               (no ring)

@: lethally poisoned (0 -> -4)
A: AC +6, unfitting armour, cold-blooded
a: no special abilities


You were on level 4 of the Dungeon.
You visited 1 branch of the dungeon, and saw 4 of its levels.

You collected 124 gold pieces.

Inventory:

Hand Weapons
 a - a +1 whip of pain (weapon)
 e - a +0 whip
Armour
 l - a +0 cloak (worn)
Jewellery
 k - an amulet of reflection (around neck)
 n - a +4 ring of protection (left hand)
Wands
 m - a wand of flame (17)
Scrolls
 b - 3 scrolls of identify
 c - a scroll of teleportation
 d - a scroll of enchant armour {unknown}
 f - a scroll of enchant weapon {unknown}
 g - a scroll of amnesia {unknown}
 i - a scroll of fog {unknown}
 j - a scroll of silence {unknown}
 p - a scroll of blinking {unknown}


   Skills:
 * Level 2.1 Fighting
 + Level 2.1 Maces & Flails
 + Level 2.7 Dodging
 - Level 2.1 Stealth
 + Level 1.2 Unarmed Combat
 + Level 3.5 Spellcasting
 + Level 2.5 Conjurations
 + Level 4.5 Fire Magic


You had 5 spell levels left.
You knew the following spells:

 Your Spells              Type           Power      Damage    Failure   Level
a - Foxfire               Conj/Fire      52%        2x1d6     4%          1
b - Scorch                Fire           32%        2d7       4%          2
c - Flame Wave            Conj/Fire      13%        2d6       41%         4

Your spell library contained the following spells:

 Spells                   Type           Power      Damage    Failure   Level
 Conjure Flame            Conj/Fire      13%        6-21      13%         3
 Freeze                   Ice            8%         1d3       19%         1
 Inner Flame              Hex/Fire       9%         N/A       22%         3
 Sublimation of Blood     Necr           2%         N/A       28%         2
 Frozen Ramparts          Ice            4%         1d2       50%         3
 Hailstorm                Conj/Ice       6%         3d4       73%         4
 Cause Fear               Hex            1%         N/A       88%         4
 Petrify                  Tmut/Erth      2%         N/A       88%         4
 Irradiate                Conj/Tmut      3%         3d15      97%         5
 Discord                  Hex            1%         N/A       100%        8


Dungeon Overview and Level Annotations

Branches:
Dungeon (4/15)
 Temple: D:4-7

Altars:

Shops:
D:2 (

Annotations:
D:2 Sigmund
D:3 Eustachio


Innate Abilities, Weirdness & Mutations

Your plain brown scales are hard. (AC +6)
You cannot fit into any form of body armour.
You are cold-blooded and may be slowed by cold attacks.


Message History

The killer bee is severely wounded.
You feel sick. The killer bee stings you.
* * * LOW HITPOINT WARNING * * *
The killer bee stings you but does no damage.
You miss the killer bee.
The killer bee is severely wounded.
You feel sick. You block the killer bee's attack.
The killer bee stings you but does no damage.
You barely miss the killer bee.
Your tail-slap misses the killer bee.
The killer bee is severely wounded.
You feel sick. You block the killer bee's attack. The killer bee stings you.
* * * LOW HITPOINT WARNING * * *
You are lethally poisoned!
The killer bee poisons you!
Casting: Scorch (safe; 4% risk of failure)
Confirm with . or Enter, or press ? or * to list all spells.
You conjure some foxfire!
* * * LOW HITPOINT WARNING * * *
You feel sick.
The killer bee stings you but does no damage.
The killer bee closely misses you.
You miss the killer bee.
The killer bee is severely wounded.
* * * LOW HITPOINT WARNING * * *
You feel sick.
The foxfire hits the killer bee.
You kill the killer bee!
You feel your strength returning.
There is a lethal amount of poison in your body!
You aren't carrying any potions.
Okay, then.
n - a +4 ring of protection (left hand)
* * * LOW HITPOINT WARNING * * *
You feel sick.
There is a lethal amount of poison in your body!
You can't go up here!
* * * LOW HITPOINT WARNING * * *
You feel sick.
Your foxfire dissipates!
You climb downwards.
You die...

### #### ###.###..#######
##......<.......#
#...............# .
##..............## .g
#................## ...
##......y@O#.......## #...
#.......g.###.......##
##...#........#####.......##
#...............####.......#
.###$....#####.............
#...### ###........... #...#
##.......)..... #.!.#
#.............. #...#
###........##..


You could see an ogre, a killer bee and a goblin.

Vanquished Creatures
  Menkaure (D:4)
  2 killer bees (D:3)
  A hound (D:4)
  Robin (D:2)
  8 gnolls
  3 adders
  2 worms
  3 dart slugs
  6 orcs (D:3)
  8 endoplasms
  5 giant cockroaches
  14 goblins
  8 hobgoblins
  9 jackals
  4 quokkas
  6 ball pythons
  3 bats (D:1)
  A frilled lizard (D:1)
  6 kobolds
  7 rats
98 creatures vanquished.

Vanquished Creatures (others)
  299 foxfires
  2 plants (D:1)
301 creatures vanquished.

Grand Total: 399 creatures vanquished

Notes
Turn   | Place    | Note
-------+----------+-------------------------------------------
     0 | D:1      | GreyFruit the Draconian Fire Elementalist began the quest
                  | for the Orb.
     0 | D:1      | Reached XP level 1. HP: 14/14 MP: 3/3
   427 | D:1      | Reached XP level 2. HP: 19/20 MP: 1/5
  1423 | D:1      | Reached XP level 3. HP: 24/26 MP: 2/6
  1710 | D:2      | Noticed Sigmund
  1820 | D:1      | Reached skill level 1 in Unarmed Combat
  2007 | D:2      | Found Gegas's Weapon Boutique.
  2084 | D:2      | Noticed Robin
  2157 | D:2      | Reached XP level 4. HP: 30/33 MP: 1/7
  2240 | D:2      | Killed Robin
  2817 | D:2      | Found a faded altar of an unknown god.
  2829 | D:2      | Reached skill level 1 in Maces & Flails
  3113 | D:2      | Reached XP level 5. HP: 38/38 MP: 5/9
  3606 | D:3      | Reached skill level 4 in Fire Magic
  4757 | D:3      | Reached skill level 1 in Fighting
  4960 | D:4      | Noticed Eustachio
  5215 | D:3      | Learned a level 2 spell: Scorch
  5220 | D:3      | Learned a level 4 spell: Flame Wave
  5381 | D:4      | Noticed Menkaure
  5389 | D:4      | Killed Menkaure
  5390 | D:4      | Reached XP level 6. HP: 27/48 MP: 2/11
  5579 | D:3      | HP: 1/48 [poisoned by a killer bee]
  5580 | D:4      | Succumbed to a killer bee's poison

Illustrated notes

Levels and vault maps discovered:
D:1:      lightli_arrival_farm, layout_basic
D:2:      layout_basic, serial_shops, nicolae_shop_bloodbath_and_beyond,
          hellmonk_ecumenical_altar_leap_of_faith, uniq_robin, uniq_sigmund
D:3:      layout_basic, minivault_4
D:4:      layout_cave_pods, overflow_temple_1_default, uniq_eustachio,
          uniq_edmund, uniq_menkaure

Skill      XL: |  1  2  3  4  5  6 |
---------------+-------------------+-----
Dodging        | 2 |  2.7
Unarmed Combat | 1 |  1.2
Stealth        | 2 |  2.1
Maces & Flails | 1 2 |  2.1
Conjurations   | 2 |  2.5
Fire Magic     | 4 |  4.5
Spellcasting   | 3 |  3.5
Fighting       | 1 2 |  2.1

Action                   |  1- 3 |  4- 6 || total
-------------------------+-------+-------++-------
Melee: Unarmed           |    17 |       ||    17
       Tailslap          |    10 |    13 ||    23
       Whip              |    18 |   131 ||   149
       Punch             |     2 |     4 ||     6
 Cast: Foxfire           |    84 |   108 ||   192
       Scorch            |       |     5 ||     5
  Use: Potion            |       |     5 ||     5
       Scroll            |       |     2 ||     2
 Stab: Sleeping          |     2 |     1 ||     3
Armor: Skin              |    17 |    47 ||    64
Dodge: Dodged            |    36 |    91 ||   127
Block: Other             |       |    39 ||    39
